 Dungeon Crawl Stone Soup version 0.28-a0-474-g535839065c (webtiles) character file.

Game seed: 15309442597994523219

66158 meatgazer the Warrior (level 14, -17/154 HPs)
             Began as a Green Draconian Berserker on Sept 15, 2021.
             Was a High Priest of Trog.
             Hit by a large rock thrown by a stone giant (29 damage)
             ... on level 2 of the Orcish Mines.
             The game lasted 00:48:56 (29985 turns).

meatgazer the Warrior (Green Draconian Berserker)  Turns: 29985, Time: 00:48:57

Health: -17/154    AC: 16    Str: 21    XL:     14   Next: 78%
Magic:  12/12      EV: 12    Int:  7    God:    Trog [*****.]
Gold:   2197       SH:  9    Dex: 15    Spells: 13/13 levels left

rFire   . . .      SeeInvis .   F - +6 halberd (vorpal)
rCold   . . .      Faith    .   (shield currently unavailable)
rNeg    . . .      Spirit   .   (armour unavailable)
rPois   +          Reflect  +   t - +0 hat
rElec   .          Harm     .   d - +2 cloak
rCorr   .          Rampage  .   E - +0 pair of gloves
Will    ++...                   (no boots)
Stlth   +.........              J - amulet of reflection
HPRegen 0.35/turn               G - +4 ring of protection
MPRegen 0.13/turn               w - ring of willpower

@: mighty, about to teleport, short of breath, on berserk cooldown, slowed, very
slow
A: breathe noxious fumes, AC +8, unfitting armour, stinger 1, poison resistance,
cold-blooded, antennae 1, large bone plates 1, low mp 1, robust 1
a: Breathe Noxious Fumes, Renounce Religion, Berserk, Trog's Hand, Brothers in
Arms


You were on level 2 of the Orcish Mines.
You worshipped Trog.
Trog was extremely pleased with you.
You visited 3 branches of the dungeon, and saw 19 of its levels.
You also visited: Ossuary.

You collected 2617 gold pieces.
You spent 420 gold pieces at shops.

Inventory:

Hand Weapons
 a - a +2 spear of flaming
 z - a +2 antimagic glaive
 F - a +6 vorpal halberd (weapon)
 I - a +1 vorpal trident
Missiles
 i - a throwing net (quivered)
Armour
 d - a +2 cloak (worn)
 t - a +0 hat (worn)
 E - a +0 pair of gloves (worn)
Jewellery
 f - a ring of protection from cold
 h - a +6 ring of intelligence
 s - a +4 ring of evasion
 u - an amulet of guardian spirit
 w - a ring of willpower (right hand)
 x - an amulet of faith
 C - a ring of ice
 G - a +4 ring of protection (left hand)
 J - an amulet of reflection (around neck)
Wands
 j - a wand of acid (13)
 p - a wand of flame (1)
 q - a wand of iceblast (3)
 y - a wand of polymorph (7)
 D - a wand of mindburst (10)
 H - a wand of paralysis (8)
Scrolls
 b - 7 scrolls of teleportation
 c - 13 scrolls of identify
 e - 2 scrolls of magic mapping
 m - a scroll of fear
 v - a scroll of blinking
Potions
 g - a potion of might
 k - a potion of resistance
 l - 5 potions of flight
 n - 2 potions of haste
 r - 2 potions of attraction
 A - 3 potions of curing
 B - a potion of magic
Miscellaneous
 o - a piece from Xom's chessboard (15/15)


   Skills:
 + Level 17.4 Fighting
 + Level 16.2 Polearms
 - Level 2.6 Dodging
 + Level 12.0 Evocations


You had 13 spell levels left.
You didn't know any spells.
Your spell library was empty.

Dungeon Overview and Level Annotations

Branches:
Dungeon (11/15)            Temple (0/1) D:5            Lair (6/6) D:9
 Shoals (0/4) Lair:2        Snake (0/4) Lair:4        Slime (0/5) Lair:6
    Orc (2/2) D:11            Elf (0/3) Orc:2       Ossuary (visited)

Altars:
Ashenzari
Cheibriados
Elyvilon
Gozag
Kikubaaqudgha
Makhleb
Okawaru
Qazlal
Sif Muna
Xom
The Shining One

Shops:
Orc:2 =*(([

Annotations:
D:4 2 transporters, josh86's ghost, novice BaIE
Lair:3 1 runed translucent door, Tulew's ghost, journeyman NaTm
Orc:2 MasteOfDeath's ghost, journeyman MiBe


Innate Abilities, Weirdness & Mutations

You can breathe blasts of noxious fumes.
Your lurid green scales are hard. (AC +8)
You cannot fit into any form of body armour.
Your tail ends in a poisonous barb.
Your system is resistant to poisons. (rPois)
You are cold-blooded and may be slowed by cold attacks.
You have a pair of small antennae on your head.
You are partially covered in large bone plates. (SH +4)
Your magical capacity is low. (-10% MP)
You are robust. (+10% HP)


Message History

MasteOfDeath's ghost is lightly damaged.
The stone giant closely misses you.
The tengu warrior is engulfed in noxious fumes.
The tengu warrior appears confused.
You closely miss MasteOfDeath's ghost.
MasteOfDeath's ghost is lightly damaged.
The tengu warrior hits you with a +2 great sword of flaming!
The tengu warrior burns you.
You block the tengu warrior's attack. x2
MasteOfDeath's ghost shouts, "You will never get the ORB!"
MasteOfDeath's ghost hits you!! MasteOfDeath's ghost burns you.
You puncture MasteOfDeath's ghost! You tail-slap MasteOfDeath's ghost.
MasteOfDeath's ghost is moderately damaged.
The stone giant hits you!!
The tengu warrior gestures wildly.
Something hits the orc knight!
You feel a strong urge to attack something.
You feel your anger nearly subside.
You are no longer berserk.
You are exhausted.
You feel yourself slow down. The stone giant closely misses you.
MasteOfDeath's ghost yells, "Who would have thought, even in death it is a pleasure to sever!"
As you read the scroll of teleportation, it crumbles to dust.
You feel strangely unstable. The stone giant hits you.
MasteOfDeath's ghost hits you!!
* * * LOW HITPOINT WARNING * * *
MasteOfDeath's ghost burns you!
* * * LOW HITPOINT WARNING * * *
The tengu warrior barely misses you. You block the tengu warrior's attack.
The tengu warrior claws you but does no damage.
You block the stone giant's attack.
MasteOfDeath's ghost completely misses you.
Something hits the stone giant!
Something hits the stone giant!
The tengu warrior hits something with a +3 battleaxe!
The tengu warrior pecks something.
The tengu warrior claws something!
The tengu warrior hits the orc knight with a +3 battleaxe.
The tengu warrior barely misses the orc knight.
The tengu warrior closely misses the orc knight.
Something hits the tengu warrior!
The stone giant throws a large rock.
The large rock hits you!!
You die...

########[.## #......###..........
8......#.[[####.#.###....#.......
*..#.#.#.[<#)#..###.......#......
*).8.8.#.[.)[..[.#........#......
*#:....'..)#)#....#..............
*_)....'...#.##..................
*#:....'.........................
*[.8.8.#...o..#W.................
*..#.#.#.#..QNC.@................
8......#.####.Q#....[.....P......
*#########.#............8..P.....
#..........P.............
#....##........∩.........
##....###................
##..###..P..........#... ####
##...P............
#.....P...........


You could see a naga warrior, a stone giant, an orc knight, 2 tengu warriors and
MasteOfDeath's ghost.

Vanquished Creatures
  Gastronok (D:8)
  An orc warlord (Orc:1)
  An ettin (Orc:1)
  A boulder beetle (Lair:3)
  3 hydras
  An ogre mage (Orc:1)
  4 catoblepae
  4 two-headed ogres
  9 death yaks
  Sonja (Lair:3)
  4 orc knights (Orc:2)
  6 orc sorcerers
  An ugly thing (D:11)
  3 manticores
  An oklob plant (Lair:6)
  A cyclops (Orc:2)
  4 elephants
  7 black mambas
  Joseph (Lair:1)
  8 cane toads
  A kobold demonologist (D:11)
  An unseen horror (D:10)
  A rime drake (Lair:6)
  9 komodo dragons
  5 trolls
  2 polar bears
  A wind drake (Lair:2)
  A hornet (D:9)
  6 dream sheep (Lair:5)
  39 blink frogs
  2 slime creatures
  A shadow (D:11)
  73 yaks
  6 basilisks
  3 wyverns
  5 steam dragons
  2 vampire mosquitoes (D:10)
  3 wargs
  11 water moccasins
  30 orc warriors
  3 sky beasts (D:9)
  5 ice beasts
  2 black bears
  A necrophage (D:6)
  7 ogres
  2 centaurs
  3 kobold brigands
  A gnoll sergeant (D:9)
  9 bullfrogs
  2 scorpions
  6 killer bees (D:10)
  An electric eel (Lair:5)
  A crimson imp (D:7)
  2 centaur zombies
  2 hounds
  6 orc priests
  2 bullfrog skeletons
  Crazy Yiuf (D:7)
  2 jellies (Lair:6)
  An iron imp (D:7)
  A gnoll shaman (D:6)
  12 orc wizards
  5 iguanas
  A killer bee zombie (D:7)
  12 mummies (Ossuary)
  A howler monkey zombie (D:9)
  11 gnolls
  10 adders
  An ufetubus (D:5)
  An adder skeleton (D:4)
  3 worms
  A dart slug (D:4)
  57 orcs
  5 endoplasms
  A giant cockroach (D:1)
  8 goblins
  A hobgoblin (D:4)
  2 jackals (D:1)
  9 kobolds
  2 quokkas
  6 ball pythons
  4 bats
  6 frilled lizards
  2 goblin skeletons (Ossuary)
  A goblin zombie (D:5)
  2 kobold skeletons (Ossuary)
  4 orc skeletons (Ossuary)
  A quokka zombie (D:5)
  5 rats
  11 rat skeletons (Ossuary)
509 creatures vanquished.

Vanquished Creatures (others)
  A cane toad (Lair:3)
  A bush (Lair:5)
  41 fungi
  93 plants
136 creatures vanquished.

Grand Total: 645 creatures vanquished

Notes
Turn   | Place    | Note
-------+----------+-------------------------------------------
     0 | D:1      | meatgazer the Draconian Berserker began the quest for the
                  | Orb.
     0 | D:1      | Reached XP level 1. HP: 19/19 MP: 1/1
   211 | D:1      | Reached XP level 2. HP: 17/26 MP: 2/2
   354 | D:1      | You fall into a shaft and drop 1 floor!
   695 | D:2      | Reached skill level 4 in Fighting
   741 | D:2      | Reached XP level 3. HP: 32/33 MP: 3/3
   894 | D:1      | Found a faded altar of an unknown god.
  1572 | D:2      | Reached XP level 4. HP: 41/41 MP: 4/4
  1774 | D:2      | Reached ** piety under Trog
  2505 | D:3      | Noticed an ice beast
  2514 | D:3      | Killed an ice beast
  2515 | D:3      | Reached skill level 5 in Fighting
  2515 | D:3      | Reached skill level 5 in Polearms
  2515 | D:3      | Reached XP level 5. HP: 46/48 MP: 5/5
  3199 | D:4      | Reached XP level 6. HP: 22/57 MP: 6/6
  3646 | D:4      | Found a transporter.
  3647 | D:4      | Noticed josh86's ghost (novice BaIE)
  3654 | D:4      | Found a transporter.
  3928 | D:4      | Found a broken altar of Ashenzari.
  3967 | D:4      | Reached skill level 6 in Fighting
  4388 | D:4      | Found a shimmering blue altar of Sif Muna.
  4414 | D:4      | Found a stormy altar of Qazlal.
  4632 | D:5      | Entered Level 5 of the Dungeon
  4741 | D:5      | Found a sand-covered staircase.
  4748 | Ossuary  | Entered an ossuary
  4871 | Ossuary  | Your scales start taking on a lurid green colour.
  4871 | Ossuary  | Reached XP level 7. HP: 64/64 MP: 7/7
  4871 | Ossuary  | Gained mutation: Your system is resistant to poisons.
                  | (rPois) [Green Draconian growth]
  5276 | Ossuary  | Reached *** piety under Trog
  5832 | Ossuary  | Reached skill level 7 in Fighting
  6124 | D:5      | Identified a scroll of acquirement
  6124 | D:5      | Acquired 628 gold pieces
  6320 | D:5      | Found a staircase to the Ecumenical Temple.
  6890 | D:6      | Reached XP level 8. HP: 74/74 MP: 8/8
  6899 | D:6      | Reached skill level 8 in Fighting
  7178 | D:6      | Reached skill level 9 in Fighting
  7242 | D:6      | Reached **** piety under Trog
  7671 | D:7      | Noticed a two-headed ogre
  7677 | D:7      | Killed a two-headed ogre
  7678 | D:7      | Reached skill level 10 in Fighting
  7678 | D:7      | Reached XP level 9. HP: 85/85 MP: 9/9
  8232 | D:7      | Found a burning altar of Makhleb.
  8338 | D:7      | Found a snail-covered altar of Cheibriados.
  8434 | D:7      | Found a runed translucent door.
  8435 | D:7      | Noticed Crazy Yiuf
  8443 | D:7      | Killed Crazy Yiuf
  8708 | D:8      | Gained mutation: Your tail ends in a poisonous barb.
                  | [potion of mutation]
  8708 | D:8      | Gained mutation: You have a pair of small antennae on your
                  | head. [potion of mutation]
  8708 | D:8      | Gained mutation: Your magical capacity is low. (-10% MP)
                  | [potion of mutation]
  8708 | D:8      | Gained mutation: You have hidden genetic potential. [potion
                  | of mutation]
  9038 | D:8      | Reached skill level 10 in Polearms
  9325 | D:8      | Reached skill level 11 in Fighting
  9625 | D:8      | Noticed Gastronok
  9643 | D:8      | Killed Gastronok
  9644 | D:8      | Reached skill level 12 in Fighting
  9644 | D:8      | Reached XP level 10. HP: 97/97 MP: 9/9
  9656 | D:8      | Gained mutation: You are partially covered in large bone
                  | plates. (SH +4) [hidden potential]
  9736 | D:8      | You fall into a shaft and drop 2 floors!
  9736 | D:10     | Entered Level 10 of the Dungeon
  9906 | D:10     | Found an opulent altar of Gozag.
 10568 | D:9      | Found a staircase to the Lair.
 11852 | D:9      | Reached skill level 13 in Fighting
 12243 | Lair:1   | Entered Level 1 of the Lair of Beasts
 12258 | Lair:1   | Noticed a black mamba
 12261 | Lair:1   | Noticed Joseph
 12267 | Lair:1   | Reached skill level 1 in Evocations
 12269 | Lair:1   | Killed a black mamba
 12270 | Lair:1   | Reached XP level 11. HP: 107/107 MP: 8/9
 12272 | Lair:1   | Reached ***** piety under Trog
 12295 | Lair:1   | Killed Joseph
 12313 | Lair:1   | Gained mutation: Your mind is acute. (Int +2) [hidden
                  | potential]
 12313 | Lair:1   | Lost mutation: You have hidden genetic potential. [hidden
                  | potential expressed]
 13692 | Lair:2   | Reached skill level 5 in Evocations
 13699 | Lair:2   | Reached skill level 14 in Fighting
 14806 | Lair:2   | Received a gift from Trog
 14807 | Lair:2   | Reached XP level 12. HP: 117/117 MP: 10/10
 15033 | Lair:2   | Noticed an eight-headed hydra
 15040 | Lair:2   | Killed an eight-headed hydra
 15250 | Lair:2   | Found a staircase to the Shoals.
 15795 | Lair:3   | Noticed a death yak
 15795 | Lair:3   | Noticed a death yak
 15796 | Lair:3   | Noticed a death yak
 15797 | Lair:3   | Noticed Sonja
 15797 | Lair:3   | Noticed a death yak
 15802 | Lair:3   | Killed a death yak
 15802 | Lair:3   | Killed a death yak
 15802 | Lair:3   | Killed a death yak
 15802 | Lair:3   | Killed Sonja
 15806 | Lair:3   | Killed a death yak
 16000 | Lair:3   | Lost mutation: Your mind is acute. (Int +2) [potion of
                  | mutation]
 16000 | Lair:3   | Lost mutation: Your tail ends in a poisonous barb. [potion
                  | of mutation]
 16000 | Lair:3   | Gained mutation: You are robust. (+10% HP) [potion of
                  | mutation]
 16360 | Lair:3   | Noticed a catoblepas
 16372 | Lair:3   | Killed a catoblepas
 16439 | Lair:3   | Found a runed translucent door.
 16439 | Lair:3   | Noticed Tulew's ghost (journeyman NaTm)
 16460 | Lair:3   | Noticed a boulder beetle
 16486 | Lair:3   | Killed a boulder beetle
 16675 | Lair:3   | Reached skill level 15 in Fighting
 17395 | Lair:4   | Noticed a seven-headed hydra
 17405 | Lair:4   | Killed a seven-headed hydra
 17465 | Lair:4   | Found a staircase to the Snake Pit.
 18043 | Lair:4   | Identified the +4 ring mail "Joupy" {Drain rF+++ rCorr}
 18656 | Lair:5   | Reached XP level 13. HP: 139/139 MP: 11/11
 20028 | Lair:5   | Received a gift from Trog
 20371 | Lair:6   | Entered Level 6 of the Lair of Beasts
 20928 | Lair:6   | Reached skill level 16 in Fighting
 21852 | Lair:6   | Reached skill level 15 in Polearms
 21856 | Lair:6   | Reached skill level 10 in Evocations
 21933 | Lair:5   | HP: 7/141 [poisoned by a cane toad]
 21938 | Lair:5   | HP: 5/211 [poisoned by a cane toad]
 21944 | Lair:5   | HP: 4/141 [poisoned by a cane toad]
 22643 | Lair:6   | Found a staircase to the Slime Pits.
 23246 | Lair:6   | Gained mutation: Your tail ends in a poisonous barb. [Green
                  | Draconian growth]
 23246 | Lair:6   | Reached XP level 14. HP: 151/151 MP: 12/12
 25478 | D:10     | Found a glowing golden altar of the Shining One.
 25497 | D:10     | Found a shimmering altar of Xom.
 25497 | D:10     | Found an ancient bone altar of Kikubaaqudgha.
 25497 | D:10     | Found a white marble altar of Elyvilon.
 26342 | D:11     | Found a staircase to the Orcish Mines.
 26384 | Orc:1    | Entered Level 1 of the Orcish Mines
 27165 | Orc:1    | Reached skill level 17 in Fighting
 27260 | Orc:1    | Received a gift from Trog
 27802 | Orc:2    | Entered Level 2 of the Orcish Mines
 27802 | Orc:2    | Found a runed translucent gate.
 27802 | Orc:2    | Found a runed translucent gate.
 27802 | Orc:2    | Found a runed translucent gate.
 27804 | Orc:2    | Noticed a stone giant
 27804 | Orc:2    | Noticed MasteOfDeath's ghost (journeyman MiBe)
 27806 | Orc:2    | Found an iron altar of Okawaru.
 28218 | Orc:2    | Found Ekirosawk's Antique Weapon Boutique.
 28220 | Orc:2    | Noticed an orc warlord
 28411 | Orc:1    | Killed an orc warlord
 29078 | Orc:2    | Found Veosouqo's Antique Armour Shop.
 29197 | Orc:2    | Found Vafaivun's Weapon Emporium.
 29236 | Orc:2    | Found a staircase to the Elven Halls.
 29421 | Orc:2    | Found Ischecw's Jewellery Shoppe.
 29429 | Orc:2    | Bought an amulet of reflection for 420 gold pieces
 29670 | Orc:2    | Found Tengy's General Store.
 29985 | Orc:2    | Hit by a large rock thrown by a stone giant

Illustrated notes

Levels and vault maps discovered:
D:1:      dpeg_arrival_snail, layout_rooms, chequers_ecumenical_altar_grove
D:2:      layout_loops_ring
D:3:      layout_loops_ring
D:4:      layout_gridville, nicolae_overflow_hidden_temple,
          mainiacjoe_overflow_concentric_impassable, led_sif_pool,
          gammafunk_ghost_smash
D:5:      layout_basic, temple_pool_b, enter_ossuary_4, corexii_hall_statues_l
D:6:      layout_basic
D:7:      layout_loops_ring, makhleb_grotto_becter, chei_slow_surprise,
          uniq_crazy_yiuf_cottage
D:8:      layout_basic, uniq_gastronok
D:9:      layout_layer_cave, lair_entry_dummy, palyth_stone_intersect,
          hangedman_misty_isle
D:10:     layout_small_grid, mainiacjoe_overflow_paths,
          grunt_temple_overflow_open
D:11:     layout_cross, david_orc_2
Lair:1:   layout_chaotic_city, grunt_megastairs_5, uniq_joseph
Lair:2:   layout_gridlike, minmay_shoals_entry_beasts
Lair:3:   layout_roguey, gammafunk_ghost_grave, uniq_sonja
Lair:4:   layout_hall_layers, dummy_snake_entry, grunt_megastairs_3
Lair:5:   layout_roguey, serial_bayou_lagoon_a
Lair:6:   evilmike_catoblepas_cave, layout_loops_ring,
          minmay_slime_entry_pillars
Orc:1:    layout_diamond_mine
Orc:2:    grunt_orc_gardens, layout_caves, grunt_orc_garden, grunt_orc_garden,
          grunt_orc_garden, grunt_orc_garden, gammafunk_ghost_fury_of_okawaru,
          serial_shops, shop

Skill      XL: |  1  2  3  4  5  6  7  8  9 10 11 12 13 14 |
---------------+-------------------------------------------+-----
Fighting       | 4 5 6 7 10 12 13 14 15 16 17 | 17.4
Polearms       | 4 5 6 7 9 11 12 13 14 15 16 | 16.2
Evocations     | 1 5 8 10 12 | 12.0
Dodging        | |  2.6

Action                   |  1- 3 |  4- 6 |  7- 9 | 10-12 | 13-15 || total
-------------------------+-------+-------+-------+-------+-------++-------
Melee: Spear             |   114 |   169 |   439 |   700 |   629 ||  2051
       Tailslap          |    11 |    20 |    74 |   102 |   174 ||   381
       Halberd           |       |       |       |       |   298 ||   298
Invok: Berserk           |     2 |     8 |     7 |    17 |    25 ||    59
       Trog's Hand       |       |       |       |       |     1 ||     1
 Abil: Breathe Noxious F |       |       |     2 |    13 |    12 ||    27
Evoke: Wand              |       |       |       |     9 |    18 ||    27
  Use: Scroll            |       |     7 |    14 |     5 |    10 ||    36
       Potion            |       |     3 |     5 |     1 |     8 ||    17
 Stab: Sleeping          |     1 |     1 |     2 |       |       ||     4
       Confused          |       |       |     1 |    10 |     7 ||    18
Armor: Skin              |    35 |    31 |    77 |    84 |   221 ||   448
Dodge: Dodged            |    62 |    69 |   145 |   178 |   285 ||   739
Block: Other             |       |       |       |    45 |   128 ||   173

Table legend: (Time is in decaauts)
 A = Elapsed time spent in this place.
 B = Non-inter-level travel time spent in this place.
 C = Inter-level travel time spent in this place.
 D = Time resting spent in this place.
 E = Time spent auto-exploring this place.
 F = Levels seen in this place.
 G = Mean time per level.
                   A        B        C        D        E       F      G
               +--------+--------+--------+--------+--------+-----+--------+
         Total |  29595 |  28610 |    985 |  11871 |  13488 |  20 | 1479.8 |
       Dungeon |  12543 |  11824 |    719 |   3657 |   6778 |  11 | 1140.3 |
          Lair |  12456 |  12208 |    248 |   6028 |   4913 |   6 | 2076.0 |
  Orcish Mines |   3358 |   3342 |     16 |   1664 |   1258 |   2 | 1679.0 |
       Ossuary |   1237 |   1237 |      0 |    521 |    539 |   1 | 1237.0 |
               +--------+--------+--------+--------+--------+-----+--------+

Top non-repeatable levels by time:
  Lair:6: 3873 daAuts
  Lair:2: 2178 daAuts
  Lair:5: 2154 daAuts
     D:9: 1996 daAuts
   Orc:1: 1869 daAuts
  Lair:3: 1525 daAuts
     D:4: 1516 daAuts
  Lair:4: 1507 daAuts
     D:8: 1492 daAuts
   Orc:2: 1488 daAuts
     D:3: 1262 daAuts
 Ossuary: 1237 daAuts
  Lair:1: 1216 daAuts
     D:1: 1107 daAuts
    D:10: 1072 daAuts
